 Dungeon Crawl Stone Soup version 0.30-a0-174-gbc10bd73c2 (webtiles) character file.

Game seed: 12611120384120636903

112 qw the Chopper (level 4, 0/28 HPs)
             Began as a Gargoyle Fighter on Oct 1, 2022.
             Slain by a gnoll
             ... wielding a +0 spear
              (7 damage)
             ... on level 3 of the Dungeon.
             The game lasted 00:00:48 (2192 turns).

qw the Chopper (Gargoyle Fighter)                   Turns: 2192, Time: 00:00:49

Health: 0/28       AC: 12    Str: 21    XL:     4   Next: 93%
Magic:  4/4        EV:  7    Int:  9    God:
Gold:   109        SH:  4    Dex:  9    Spells: 3/3 levels left

rFire   . . .      SeeInvis .    Y - +0 war axe
rCold   . . .      Faith    .    c - +0 buckler
rNeg    + . .      Spirit   .    n - +0 chain mail
rPois   inf        Reflect  .    (no helmet)
rElec   +          Harm     .    (no cloak)
rCorr   .          Rampage  .    (no gloves)
Will    .....                    (no boots)
Stlth   ..........               (no amulet)
HPRegen 0.24/turn                (no ring)
MPRegen 0.09/turn                (no ring)

@: no status effects
A: sickness immunity, AC +3, negative energy resistance 1, electricity
resistance, torment resistance 1, petrification resistance
a: no special abilities


You were on level 3 of the Dungeon.
You visited 1 branch of the dungeon, and saw 3 of its levels.

You collected 109 gold pieces.


Innate Abilities, Weirdness & Mutations

You are immune to sickness and miasma.
Your stone body is resilient. (AC +3)
You are immune to poison.
You resist negative energy. (rN+)
You are resistant to electric shocks. (rElec)
You are resistant to unholy torment.
You are immune to petrification.


   Skills:
 - Level 3.2 Fighting
 + Level 4.5 Axes
 - Level 3.2 Armour
 - Level 3.2 Shields


You had 3 spell levels left.
You didn't know any spells.
Your spell library was empty.

Inventory:

Hand Weapons
 e - a +0 mace
 Y - a +0 war axe (weapon)
Armour
 c - a +0 buckler (worn)
 j - a +0 pair of boots
 n - a +0 chain mail (worn)
Jewellery
 b - a ring of ice
Scrolls
 a - a scroll of identify
 f - a scroll of enchant armour
 k - a scroll of amnesia {unknown}
Potions
 d - a potion of might
 g - a potion of haste {unknown}
 h - a potion of ambrosia {unknown}
 i - 2 potions of curing
 l - a potion of brilliance {unknown}

Dungeon Overview and Level Annotations

Branches:
Dungeon (3/15)

Altars:

Shops:
D:3 (


Message History

You closely miss the quokka.
The quokka bites you but does no damage.
You hit the quokka.
The quokka is heavily wounded.
The quokka bites you but does no damage. x2
A gnoll comes into view. It is wielding a +0 halberd.
You closely miss the quokka.
The quokka is heavily wounded.
The quokka bites you.
You closely miss the quokka.
The quokka is heavily wounded.
You barely miss the gnoll. The quokka barely misses you.
The gnoll hits you but does no damage.
The quokka twitches its whiskers.
The quokka closely misses you. The gnoll hits you with a +0 whip.
You slash the quokka!
You kill the quokka!
You hit the gnoll.
The gnoll hits you from afar with a +0 spear.
The gnoll hits you with a +0 whip.
You barely miss the gnoll.
The gnoll is moderately wounded.
You block the gnoll's attack. The gnoll barely misses you.
The gnoll completely misses you.
You closely miss the gnoll.
The gnoll is moderately wounded.
The gnoll hits you from afar with a +0 spear.
The gnoll hits you with a +0 whip. The gnoll barely misses you.
The gnoll hits you from afar with a +0 spear.
You closely miss the gnoll.
The gnoll is moderately wounded.
The gnoll hits you but does no damage. The gnoll barely misses you.
The gnoll hits you but does no damage. The gnoll barely misses you.
You slash the gnoll!
You kill the gnoll!
The gnoll hits you from afar with a +0 halberd.
The gnoll barely misses you.
The gnoll hits you from afar with a +0 halberd.
The gnoll hits you from afar with a +0 spear!
You die...

.# #.# ### #.# # ##.$.
#.# #.
.....(#########(#######.
.......@.}.............
......g)\?#.###.....<.
..>...g}.}......#####
......#....##.......#
##...#).########.##.####
##..P.P# #.##.....
#~~~~P~. #.######.
~.~77~~P ......... g~ 77
#.#######


You could see 2 gnolls.

Vanquished Creatures
  Terence (D:3)
  2 gnolls (D:3)
  An ufetubus (D:3)
  A worm (D:2)
  2 dart slugs
  5 ball pythons
  5 bats
  4 endoplasms
  6 giant cockroaches
  2 goblins
  7 hobgoblins
  2 quokkas
  3 frilled lizards
  4 kobolds
  7 rats
52 creatures vanquished.

Vanquished Creatures (others)
  15 plants (D:3)
15 creatures vanquished.

Grand Total: 67 creatures vanquished

Notes
Turn   | Place    | Note
-------+----------+-------------------------------------------
     0 | D:1      | qw the Gargoyle Fighter began the quest for the Orb.
     0 | D:1      | Reached XP level 1. HP: 14/14 MP: 1/1
     0 | D:1      | 0 ||| qw: Version: 0.2-a-13-gfc7b4b4
     0 | D:1      | 0 ||| qw: Game counter: 1871
     0 | D:1      | 0 ||| qw: Always use a shield: true
     0 | D:1      | 0 ||| qw: God list: Okawaru
     0 | D:1      | 0 ||| qw: Allow faded altars: false
     0 | D:1      | 0 ||| qw: Do Orc after D:15 true
     0 | D:1      | 0 ||| qw: Do second Lair branch before Depths: true
     0 | D:1      | 0 ||| qw: Lair rune preference: random
     0 | D:1      | 0 ||| qw: Plans: Normal, Zot:1-4, God:TSO, Crypt, Tomb,
                  | Pan, Slime:5, Hells, Abyss, Orb
     0 | D:1      | 0 ||| PLANNING D:1-11
    36 | D:1      | Reached skill level 2 in Axes
    61 | D:1      | 61 ||| Stepping ~*~*~tactically~*~*~ (stealth).
    63 | D:1      | 63 ||| Stepping ~*~*~tactically~*~*~ (stealth).
    64 | D:1      | 64 ||| Stepping ~*~*~tactically~*~*~ (stealth).
   124 | D:1      | 124 ||| Stepping ~*~*~tactically~*~*~ (stealth).
   126 | D:1      | 126 ||| Stepping ~*~*~tactically~*~*~ (stealth).
   136 | D:1      | Reached XP level 2. HP: 19/19 MP: 2/2
   355 | D:1      | Found a faded altar of an unknown god.
   585 | D:1      | Reached skill level 3 in Axes
   630 | D:1      | Reached XP level 3. HP: 23/23 MP: 3/3
   753 | D:1      | 753 ||| UPGRADING to +0 chain mail.
   763 | D:1      | 763 ||| DROPPING +0 scale mail.
   764 | D:1      | 764 ||| READING scroll labelled YGIKUWONLU.
   765 | D:1      | 765 ||| READING scroll labelled LIWOWU ETSAUXT.
   768 | D:1      | 768 ||| READING scroll labelled FOUKUA NOBRIECE.
   769 | D:1      | 769 ||| READING scroll labelled SOFUAVO KIGU.
   770 | D:1      | 770 ||| READING scroll labelled VUITY MIOTOI.
   771 | D:1      | 771 ||| DRINKING 3 white potions.
   852 | D:2      | 852 ||| Stepping ~*~*~tactically~*~*~ (hiding).
   853 | D:2      | 853 ||| Stepping ~*~*~tactically~*~*~ (hiding).
  1342 | D:2      | 1342 ||| DROPPING +0 club.
  1803 | D:2      | 1803 ||| READING 2 scrolls labelled YTRIARUAMN.
  1911 | D:3      | 1911 ||| Stepping ~*~*~tactically~*~*~ (water).
  1920 | D:3      | Noticed Terence
  1926 | D:3      | Reached XP level 4. HP: 22/28 MP: 4/4
  1946 | D:3      | Killed Terence
  1947 | D:3      | Reached skill level 4 in Axes
  2166 | D:3      | Found Pimatos's Antique Weapon Shoppe.
  2173 | D:3      | 2173 ||| Stepping ~*~*~tactically~*~*~ (stealth).
  2191 | D:3      | HP: 7/28 [gnoll/+0 halberd (5)]
  2192 | D:3      | Slain by a gnoll

Levels and vault maps discovered:
D:1:      erik_arrival_blinker_ship, layout_loops_ring,
          shapermc_ecumenical_altar_totnotflames, serial_glass, glass_columns_a,
          glass_columns_b, feat_on_display
D:2:      wander_river, layout_basic, st_stairs_5, minmay_misc_feat_roman,
          grunt_decor_cap
D:3:      layout_rooms, nicolae_gozag_zags_fifth_avenue, serial_bayou,
          serial_bayou_crossing, serial_bayou_pond_e, serial_bayou_lake_a,
          serial_bayou_pond_c, serial_shops, shop_fountains, st_stairs_1,
          uniq_terence

Skill      XL: |  1  2  3  4 |
---------------+-------------+-----
Axes           | 2 3 4 |  4.5
Fighting       | |  3.2
Armour         | |  3.2
Shields        | |  3.2

Action                   |  1- 3 |  4- 6 || total
-------------------------+-------+-------++-------
Melee: War axe           |    98 |    50 ||   148
  Use: Scroll            |     6 |       ||     6
       Potion            |     1 |       ||     1
Armor: Scale mail        |    11 |       ||    11
       Chain mail        |    36 |    35 ||    71
Dodge: Dodged            |    34 |    21 ||    55
Block: Buckler           |    15 |    13 ||    28

Table legend:
 A = Non-vault XP
 B = Vault XP
 C = Vault XP percentage of total XP
 D = Non-vault monster count
 E = Vault monster count
 F = Vault count percentage of total count
                 A         B        C        D         E       F
            +---------+---------+-------+---------+---------+-------
      Total |     115 |      45 |  28.1 |      47 |       5 |   9.6
            +---------+---------+-------+---------+---------+-------
        D:1 |      34 |       0 |   0.0 |      19 |       0 |   0.0
        D:2 |      31 |       2 |   6.1 |      16 |       2 |  11.1
        D:3 |      50 |      43 |  46.2 |      12 |       3 |  20.0
            +---------+---------+-------+---------+---------+-------
